 Dungeon Crawl Stone Soup version 0.23-a0-171-g5ae17c6e89 (webtiles) character file.

73668 PikkenKukken the Severer (level 15, -1/141 HPs)
             Began as a Deep Dwarf Fighter on Sept 14, 2018.
             Was the Champion of Makhleb.
             Slain by a white very ugly thing (38 damage)
             ... on level 1 of the Swamp.
             The game lasted 00:46:04 (19125 turns).

PikkenKukken the Severer (Deep Dwarf Fighter)      Turns: 19125, Time: 00:46:04

Health: -1/141     AC: 22    Str: 25    XL:     15   Next: 4%
Magic:  12/12      EV:  7    Int:  9    God:    Makhleb [******]
Gold:   2189       SH: 14    Dex: 16    Spells: 14/14 levels left

rFire    + . .     SeeInvis +   Q - +1 war axe (chop)
rCold    x . .     Gourm    .   c - +0 shield
rNeg     + . .     Faith    .   m - +0 plate armour
rPois    .         Spirit   .   (helmet restricted)
rElec    .         Reflect  .   B - +0 cloak
rCorr    .         Harm     .   e - +2 pair of gloves {Dex+3}
MR       +++..                  (no boots)
Stlth    ..........             k - amulet of rage
HPRegen  0.00/turn              D - +4 ring of slaying
MPRegen  0.13/turn              R - ring of Agnosticism {Fire +Blink MR+ Slay+2}

@: non-regenerating
A: damage resistance, heal wounds, horns 1, iridescent scales 1, see invisible,
negative energy resistance 1, sense surroundings 2, no potion heal 1, no
regeneration
a: Heal Wounds, Minor Destruction, Lesser Servant of Makhleb, Major Destruction,
Greater Servant of Makhleb, Renounce Religion, Evoke Blink, Evoke Berserk Rage


You were on level 1 of the Swamp.
You worshipped Makhleb.
Makhleb was exalted by your worship.
You were hungry.

You visited 5 branches of the dungeon, and saw 21 of its levels.
You visited the Abyss 1 time.

You collected 2189 gold pieces.

Inventory:

Hand Weapons
 b - a +0 morningstar
 Q - a +1 war axe of chopping (weapon)
Armour
 c - a +0 shield (worn)
 e - a +2 pair of gloves of dexterity (worn)
 m - a +0 plate armour (worn)
 B - a +0 cloak (worn)
 N - a +2 helmet
Jewellery
 d - an uncursed ring of see invisible
 k - an amulet of rage (around neck)
 v - an uncursed amulet of the acrobat
 D - a +4 ring of slaying (left hand)
 F - an uncursed ring of protection from fire
 L - an uncursed ring of magical power
 M - an uncursed ring of stealth
 R - the ring of Agnosticism (right hand) {Fire +Blink MR+ Slay+2}
   (You found it on level 11 of the Dungeon)

   [ring of fire]

   It enhances your fire magic.
   It affects your accuracy and damage with ranged weapons and melee attacks
   (+2).
   It protects you from fire.
   It makes you vulnerable to cold.
   It affects your resistance to hostile enchantments.
   It lets you blink.
Wands
 l - a wand of iceblast (27)
 n - a wand of enslavement (12)
 o - a wand of flame (92)
 x - a wand of disintegration (13)
 A - a wand of random effects (57)
 J - a wand of polymorph (13)
 K - a wand of scattershot (9)
Scrolls
 a - a scroll of torment
 h - 3 scrolls of amnesia
 p - 11 scrolls of remove curse
 r - 3 scrolls of enchant armour
 t - 2 scrolls of fear
 y - 5 scrolls of fog
 C - 11 scrolls of identify
 E - 2 scrolls of blinking
 G - a scroll of summoning
 I - a scroll of enchant weapon
 P - 2 scrolls of magic mapping
Potions
 i - 6 potions of heal wounds
 j - 6 potions of flight
 q - 2 potions of curing
 s - 3 potions of brilliance
 u - 3 potions of invisibility
 w - 4 potions of agility
 z - a potion of haste
 H - 3 potions of lignification
 O - a potion of cancellation {unknown}
Comestibles
 f - 43 rations


   Skills:
 + Level 11.0 Fighting
 * Level 16.7 Axes
 + Level 12.7 Armour
 + Level 12.6 Shields
 + Level 11.1 Invocations
 - Level 5.0 Evocations


You had 14 spell levels left.
You didn't know any spells.
Your spell library contained the following spells:

 Spells                   Type           Power        Failure   Level  Hunger
 Animate Skeleton         Necr           N/A          99%         1    ##.....
 Apportation              Tloc           #.....       99%         1    ##.....
 Confusing Touch          Hex            #.....       99%         1    ##.....
 Freeze                   Ice            #...         99%         1    ##.....
 Shock                    Conj/Air       #...         99%         1    ##.....
 Summon Small Mammal      Summ           #...         99%         1    ##.....
 Poisonous Vapours        Pois/Air       #.....       100%        2    ###....
 Sublimation of Blood     Necr           #.........   100%        2    ###....
 Swiftness                Chrm/Air       #.......     100%        2    ###....
 Conjure Flame            Conj/Fire      #.......     100%        3    ####...
 Ignite Poison            Fire/Tmut/Pois #.......     100%        3    ####...
 Inner Flame              Hex/Fire       #.......     100%        3    ####...
 Mephitic Cloud           Conj/Pois/Air  #.......     100%        3    ####...
 Ozocubu's Armour         Chrm/Ice       #.......     100%        3    ####...
 Static Discharge         Conj/Air       #.......     100%        3    ####...
 Airstrike                Air            #.........   100%        4    #####..
 Ice Form                 Ice/Tmut       #.......     100%        4    #####..
 Petrify                  Tmut/Erth      #.......     100%        4    #####..
 Alistair's Intoxication  Tmut/Pois      #.......     100%        5    ######.
 Irradiate                Conj/Tmut      #.........   100%        5    ######.
 Lightning Bolt           Conj/Air       #.........   100%        5    ######.
 Bolt of Fire             Conj/Fire      #.........   100%        6    #######
 Freezing Cloud           Conj/Ice/Air   #.........   100%        6    #######
 Ring of Flames           Chrm/Fire      #.........   100%        7    #######


Dungeon Overview and Level Annotations

Branches:
Dungeon (11/15)            Temple (1/1) D:5            Lair (6/6) D:8
  Swamp (1/4) Lair:4       Spider (0/4) Lair:2        Slime (0/5) Lair:5
    Orc (2/2) D:9             Elf (0/3) Orc:2

Altars:
Ashenzari
Cheibriados
Dithmenos
Elyvilon
Fedhas
Hepliaklqana
Kikubaaqudgha
Makhleb
Nemelex Xobeh
Qazlal
Ru
Sif Muna
Trog
Uskayaw
Vehumet
Wu Jian
Xom
Zin

Shops:
D:5 *   D:7 *   Orc:2 :[*}

Portals:
Trove: D:10 (give 20 scrolls of identify)

Annotations:
D:10 1 runed door


Innate Abilities, Weirdness & Mutations

You are resistant to damage.
You can heal yourself by infusing magical energy.
You resist negative energy. (rN+)
You passively map the area around you.
You do not regenerate.
You have a pair of small horns on your head.
You are partially covered in iridescent scales. (AC +2)
You have supernaturally acute eyesight. (SInv)
Potions are less effective at restoring your health.


Message History

The white very ugly thing is lightly wounded.
The white very ugly thing gores you but does no damage.
Unknown command.
You are feeling hungry.
You slash the white very ugly thing! You headbutt the white very ugly thing!
The white very ugly thing is heavily wounded.
You block the white very ugly thing's attack.
Unknown command.
You slash the white very ugly thing!
The white very ugly thing is severely wounded.
You slash the white very ugly thing!
Your headbutt misses the white very ugly thing.
The white very ugly thing is severely wounded.
You block the white very ugly thing's attack.
Unknown command.
You feel much better. The white very ugly thing gores you.
* * * LOW HITPOINT WARNING * * *
The white very ugly thing freezes you!!!
You feel a terrible chill!
You die...

≈ ,* * ≈ ≈ ≈ ,
.≈.♣♣.≈.≈♣.♣≈≈
, * ,≈ ≈
≈.♣...≈.≈....,≈
, ≈ ≈ *
≈≈,...≈.≈.≈....
, ≈ , , ≈≈.
≈≈≈.≈.≈.≈≈≈ ≈ ,
*
♣..≈≈≈≈≈≈≈≈≈..≈
, *♣...,.≈≈.≈≈♣
* * ≈
♣.≈≈≈♣u≈..♣* ≈≈
♣...≈.@≈.♣ *
♣.≈.≈.≈.♣♣ , *
♣..≈...≈♣≈♣ ≈
♣.≈≈≈♣.[.♣♣ , ,
♣.......♣* ≈,
*.....♣..♣
.≈.,♣♣...* , *
, .≈.*,♣..♣* ≈
,


You could see a white very ugly thing.

Vanquished Creatures
  The ghost of tmwh the Severer, a journeyman MiFi of Okawaru (D:11)
  13 hydras
  3 catoblepae (Lair:6)
  Erica (Lair:1)
  10 two-headed ogres
  The ghost of P0WERM0DE the Dwarven Aeon, a novice DDFi of Cheibriados (D:9)
  2 ogre magi (Orc:2)
  11 death yaks
  Nergalle (D:11)
  A deep troll (Orc:2)
  4 ugly things
  2 orc sorcerers (Orc:2)
  A wolf spider (Lair:2)
  2 manticores (Lair:6)
  3 cyclopes
  3 elephants (Lair:3)
  A spectral centaur (D:9)
  A centaur zombie (D:11)
  5 black mambas
  Psyche (D:8)
  15 spiny frogs
  A gargoyle (D:11)
  5 komodo dragons
  An ice devil (D:11)
  9 trolls
  2 queen bees
  Grinder (D:3)
  4 polar bears
  Prince Ribbit (D:8)
  A dream sheep (Lair:6)
  3 blink frogs (Lair:3)
  9 hippogriffs
  A small abomination (Abyss:1)
  38 yaks
  2 basilisks
  A wraith (D:11)
  3 wyverns
  3 centaur simulacra (D:9)
  2 wargs (Orc:2)
  13 water moccasins
  7 porcupines
  Duvessa (D:5)
  A swamp drake (Lair:2)
  13 orc warriors
  A meliai simulacrum (D:9)
  4 black bears
  2 phantoms
  A sky beast (D:8)
  8 ice beasts
  24 ogres
  A necrophage (D:9)
  7 wolves
  5 centaurs
  25 crocodiles
  A big kobold (D:7)
  17 bullfrogs
  A wyvern zombie (D:6)
  Dowan (D:5)
  2 water moccasin skeletons (D:7)
  A scorpion (D:10)
  43 killer bees
  An electric eel (D:8)
  2 bullfrog zombies
  3 crimson imps
  2 centaur skeletons (D:8)
  6 jellies
  8 hounds
  9 orc priests
  A bullfrog skeleton (D:10)
  23 orc wizards
  Jessica (D:2)
  6 iguanas
  Natasha (D:2)
  9 worker ants
  A bullfrog simulacrum (D:8)
  A hound zombie (D:3)
  2 hound skeletons (D:6)
  A howler monkey zombie (D:9)
  Robin (D:3)
  10 adders
  11 gnolls
  10 white imps
  A howler monkey simulacrum (D:8)
  A worker ant simulacrum (D:11)
  3 oozes
  2 adder skeletons
  An adder zombie (D:8)
  A worm (D:5)
  A dart slug (D:1)
  An adder simulacrum (D:8)
  14 leopard geckos
  61 orcs
  10 bats
  5 giant cockroaches
  20 goblins
  9 hobgoblins
  2 jackals (D:1)
  9 kobolds
  7 quokkas
  12 frilled lizards
  A jackal simulacrum (D:8)
  A jackal skeleton (D:6)
  2 leopard gecko skeletons
  2 quokka skeletons
  9 rats
  2 plants
634 creatures vanquished.

Vanquished Creatures (collateral kills)
  Snorg (Lair:3)
  2 hydras (Lair:4)
  A two-headed ogre (Orc:2)
  A cyclops (Orc:2)
  A rime drake (Lair:1)
  A troll (Orc:2)
  A yak (Lair:2)
  An orc warrior (Orc:2)
  3 ogres (Orc:2)
  An electric eel (Lair:4)
  An orc wizard (Orc:2)
  4 orcs (Orc:2)
18 creatures vanquished.

Vanquished Creatures (others)
  5 dream sheep (D:9)
  A crocodile (Lair:2)
  An orc (Orc:2)
  9 fungi
16 creatures vanquished.

Grand Total: 668 creatures vanquished

Notes
Turn   | Place    | Note
-------+----------+-------------------------------------------
     0 | D:1      | PikkenKukken the Deep Dwarf Fighter began the quest for the
                  | Orb.
     0 | D:1      | Reached XP level 1. HP: 20/20 MP: 1/1
    74 | D:1      | You fall through a shaft!
    74 | D:2      | Noticed Jessica
    82 | D:2      | Killed Jessica
    82 | D:2      | Reached skill level 3 in Axes
    82 | D:2      | Reached XP level 2. HP: 24/27 MP: 2/2
    82 | D:2      | Reached XP level 3. HP: 29/33 MP: 3/3
   653 | D:1      | Reached XP level 4. HP: 35/42 MP: 4/4
  1140 | D:2      | Noticed Natasha
  1146 | D:2      | Killed Natasha
  1150 | D:2      | Noticed a phantom
  1198 | D:2      | Killed a phantom
  1198 | D:2      | Reached skill level 4 in Axes
  1198 | D:2      | Reached XP level 5. HP: 41/49 MP: 5/5
  1358 | D:2      | Found a deep blue altar of Sif Muna.
  1399 | D:2      | Found a sacrificial altar of Ru.
  1962 | D:3      | Noticed Robin
  1977 | D:3      | Killed Robin
  1977 | D:3      | Reached XP level 6. HP: 37/57 MP: 6/6
  2031 | D:3      | Noticed Grinder
  2045 | D:3      | Killed Grinder
  2045 | D:3      | Reached skill level 5 in Axes
  2505 | D:4      | Reached XP level 7. HP: 37/64 MP: 8/8
  2708 | D:4      | Found a blossoming altar of Fedhas.
  2785 | D:4      | Found a white marble altar of Elyvilon.
  2898 | D:4      | Found an ornate altar of the Wu Jian Council.
  2898 | D:4      | Found a glowing silver altar of Zin.
  2925 | D:4      | Reached skill level 5 in Armour
  3127 | D:4      | Found a shadowy altar of Dithmenos.
  3128 | D:4      | Found a stormy altar of Qazlal.
  3209 | D:5      | Entered Level 5 of the Dungeon
  3289 | D:5      | Noticed Duvessa
  3299 | D:5      | Killed Duvessa
  3299 | D:5      | Reached skill level 6 in Axes
  3299 | D:5      | Reached skill level 5 in Shields
  3300 | D:5      | Noticed Dowan
  3315 | D:5      | Killed Dowan
  3480 | D:5      | Found Icuphuf's Assorted Antiques.
  3544 | D:5      | Found a snail-covered altar of Cheibriados.
  3550 | D:5      | Reached XP level 8. HP: 70/73 MP: 10/10
  3726 | D:5      | Found a staircase to the Ecumenical Temple.
  3772 | Temple   | Entered the Ecumenical Temple
  3898 | Temple   | Became a worshipper of Makhleb the Destroyer
  4129 | D:6      | Found a hide-covered altar of Uskayaw.
  4389 | D:6      | Reached skill level 7 in Axes
  4838 | D:7      | Reached skill level 5 in Fighting
  4888 | D:7      | Found a stormy altar of Qazlal.
  4953 | D:7      | Reached * piety under Makhleb
  5050 | D:7      | Found Poizxec's Assorted Antiques.
  5127 | D:7      | Reached skill level 5 in Evocations
  5590 | D:8      | Noticed a death yak
  5611 | D:8      | Killed a death yak
  5611 | D:8      | Reached skill level 8 in Axes
  5611 | D:8      | Gained mutation: You passively map the area around you.
                  | [Deep Dwarf growth]
  5611 | D:8      | Reached XP level 9. HP: 43/81 MP: 10/10
  5668 | D:8      | Noticed a polar bear
  5677 | D:8      | Reached skill level 9 in Axes
  5684 | D:8      | Killed a polar bear
  5685 | D:8      | Noticed a polar bear
  5694 | D:8      | Noticed Prince Ribbit
  5703 | D:8      | Killed a polar bear
  5712 | D:8      | Killed Prince Ribbit
  5720 | D:8      | Noticed a polar bear
  5730 | D:8      | Killed a polar bear
  5798 | D:8      | Reached XP level 10. HP: 67/92 MP: 11/11
  5810 | D:8      | Reached ** piety under Makhleb
  5828 | D:8      | Reached skill level 10 in Axes
  6166 | D:8      | Noticed Psyche
  6168 | D:8      | Cast into level 1 of the Abyss (Psyche)
  6230 | Abyss:1  | Noticed a rust devil
  6256 | Abyss:1  | Noticed a smoke demon
  6311 | Abyss:2  | Noticed a rakshasa
  6319 | D:8      | Escaped the Abyss
  6336 | D:8      | Killed Psyche
  6581 | D:8      | Noticed a two-headed ogre
  6592 | D:8      | Killed a two-headed ogre
  6663 | D:8      | Reached skill level 11 in Axes
  6992 | D:8      | Found a staircase to the Lair.
  7269 | D:9      | Found a runed gate.
  7269 | D:9      | Found a runed gate.
  7271 | D:9      | Found a runed gate.
  7272 | D:9      | Noticed P0WERM0DE's ghost (novice DDFi)
  7272 | D:9      | Noticed a spectral centaur warrior
  7362 | D:9      | Found a shimmering altar of Xom.
  7584 | D:9      | Reached *** piety under Makhleb
  7696 | D:9      | Found a staircase to the Orcish Mines.
  7918 | D:9      | Noticed a two-headed ogre
  7925 | D:9      | Killed a two-headed ogre
  7925 | D:9      | Reached XP level 11. HP: 57/100 MP: 8/8
  8237 | D:10     | Entered Level 10 of the Dungeon
  8243 | D:10     | Got a warped scale mail
  8254 | D:10     | Identified the cursed +0 scale mail of Jowaqan {rCorr Str+2
                  | Int-3} (You found it on level 10 of the Dungeon)
  8268 | D:10     | Found a portal to a secret trove of treasure.
  8488 | D:10     | Noticed a cyan ugly thing
  8501 | D:10     | Killed a cyan ugly thing
  8528 | D:10     | Reached skill level 1 in Invocations
  8651 | D:10     | Noticed a two-headed ogre
  8658 | D:10     | Killed a two-headed ogre
  8658 | D:10     | Reached skill level 12 in Axes
  8783 | D:10     | Found a runed door.
  8929 | D:10     | Found a runed door.
  9067 | Lair:1   | Entered Level 1 of the Lair of Beasts
  9562 | Lair:1   | Noticed a six-headed hydra
  9760 | Lair:1   | Killed a six-headed hydra
  9840 | Lair:1   | Noticed Erica
  9851 | Lair:1   | Killed Erica
 10188 | Lair:2   | Reached XP level 12. HP: 70/112 MP: 8/8
 10228 | Lair:2   | Noticed a five-headed hydra
 10240 | Lair:2   | Killed a five-headed hydra
 10240 | Lair:2   | Reached skill level 5 in Invocations
 10245 | Lair:2   | Reached skill level 13 in Axes
 10245 | Lair:2   | Reached skill level 10 in Armour
 10249 | Lair:2   | Reached skill level 10 in Shields
 10253 | Lair:2   | Reached **** piety under Makhleb
 10418 | Lair:2   | Found a hole to the Spider Nest.
 11007 | Lair:2   | Identified the Papyrus of Ice and Fire
 11374 | Lair:3   | Noticed a four-headed hydra
 11388 | Lair:3   | Killed a five-headed hydra
 11774 | Lair:3   | Reached ***** piety under Makhleb
 11777 | Lair:3   | Reached skill level 14 in Axes
 11928 | Lair:3   | Noticed Snorg
 11941 | Lair:3   | Killed Snorg
 12463 | Lair:4   | Noticed an eight-headed hydra
 12476 | Lair:4   | Killed an eight-headed hydra
 12628 | Lair:4   | Reached XP level 13. HP: 90/121 MP: 11/11
 12801 | Lair:4   | Found a staircase to the Swamp.
 13595 | Lair:5   | Found a staircase to the Slime Pits.
 14395 | Orc:1    | Entered Level 1 of the Orcish Mines
 14650 | Orc:2    | Entered Level 2 of the Orcish Mines
 14693 | Orc:2    | Reached skill level 15 in Axes
 14958 | Orc:2    | Reached skill level 10 in Fighting
 15023 | Orc:2    | Found Ranytoih's Gadget Shop.
 15087 | Orc:2    | Found Iddetuof's Assorted Antiques.
 15138 | Orc:2    | Gained mutation: You resist negative energy. (rN+) [Deep
                  | Dwarf growth]
 15138 | Orc:2    | Reached XP level 14. HP: 97/132 MP: 12/12
 15186 | Orc:2    | Found Causoifi's Armour Boutique.
 15201 | Orc:2    | Found Wulemev's Book Shop.
 15438 | Lair:6   | Entered Level 6 of the Lair of Beasts
 15550 | Lair:6   | Reached ****** piety under Makhleb
 15828 | Lair:6   | Reached skill level 10 in Invocations
 16128 | Lair:6   | Reached skill level 16 in Axes
 16570 | Lair:6   | Got a distressingly furry shield
 16581 | Lair:6   | Identified the +3 shield of Cloud Cover {*Slow Int+4 SInv
                  | Stlth+} (You found it on level 6 of the Lair of Beasts)
 16592 | Lair:6   | Gained mutation: Your spells are a little harder to cast,
                  | but a little more powerful. [potion of mutation]
 16592 | Lair:6   | Gained mutation: You are resistant to hostile enchantments.
                  | (MR+) [potion of mutation]
 16592 | Lair:6   | Gained mutation: You tend to lose your temper in combat.
                  | [potion of mutation]
 16592 | Lair:6   | Gained mutation: You are partially covered in slimy green
                  | scales. (AC +2) [potion of mutation]
 16593 | Lair:6   | Lost mutation: You tend to lose your temper in combat.
                  | [potion of mutation]
 16593 | Lair:6   | Lost mutation: Your spells are a little harder to cast, but
                  | a little more powerful. [potion of mutation]
 16593 | Lair:6   | Gained mutation: Your body sometimes deteriorates upon
                  | taking damage. [potion of mutation]
 16593 | Lair:6   | Gained mutation: You have a pair of small antennae on your
                  | head. [potion of mutation]
 16593 | Lair:6   | Gained mutation: You are robust. (+10% HP) [potion of
                  | mutation]
 16594 | Lair:6   | Lost mutation: Your body sometimes deteriorates upon taking
                  | damage. [potion of mutation]
 16594 | Lair:6   | Lost mutation: You have a pair of small antennae on your
                  | head. [potion of mutation]
 16594 | Lair:6   | Lost mutation: You are resistant to hostile enchantments.
                  | (MR+) [potion of mutation]
 16594 | Lair:6   | Gained mutation: Your body sometimes deteriorates upon
                  | taking damage. [potion of mutation]
 16594 | Lair:6   | Gained mutation: You are clumsy. (Dex -2) [potion of
                  | mutation]
 16594 | Lair:6   | Gained mutation: You are very clumsy. (Dex -4) [potion of
                  | mutation]
 16594 | Lair:6   | Gained mutation: You have supernaturally acute eyesight.
                  | (SInv) [potion of mutation]
 16595 | Lair:6   | Lost mutation: You are partially covered in slimy green
                  | scales. (AC +2) [potion of mutation]
 16595 | Lair:6   | Lost mutation: Your body sometimes deteriorates upon taking
                  | damage. [potion of mutation]
 16595 | Lair:6   | Lost mutation: You are very clumsy. (Dex -4) [potion of
                  | mutation]
 16595 | Lair:6   | Gained mutation: Potions are less effective at restoring
                  | your health. [potion of mutation]
 16595 | Lair:6   | Lost mutation: You are robust. (+10% HP) [potion of
                  | mutation]
 16595 | Lair:6   | Gained mutation: Your mind is acute. (Int +2) [potion of
                  | mutation]
 16596 | Lair:6   | Lost mutation: Your mind is acute. (Int +2) [potion of
                  | mutation]
 16596 | Lair:6   | Lost mutation: You are clumsy. (Dex -2) [potion of
                  | mutation]
 16596 | Lair:6   | Gained mutation: You are partially covered in iridescent
                  | scales. (AC +2) [potion of mutation]
 16596 | Lair:6   | Gained mutation: You have a pair of small horns on your
                  | head. [potion of mutation]
 17240 | Orc:2    | Found a staircase to the Elven Halls.
 17767 | D:11     | Noticed tmwh's ghost (journeyman MiFi)
 17842 | D:11     | Found a runed gate.
 17955 | D:11     | Found a runed gate.
 17955 | D:11     | Found a runed gate.
 18099 | D:11     | Noticed Nergalle
 18107 | D:11     | Killed Nergalle
 18488 | D:9      | Killed P0WERM0DE's ghost
 18651 | D:10     | Reached XP level 15. HP: 126/140 MP: 12/12
 18848 | D:11     | Killed tmwh's ghost
 18855 | D:11     | Got the ring of Agnosticism {Fire}
 18863 | D:11     | Identified the ring of Agnosticism {Fire +Blink MR+ Slay+2}
                  | (You found it on level 11 of the Dungeon)
 19103 | Swamp:1  | Entered Level 1 of the Swamp
 19125 | Swamp:1  | Slain by a white very ugly thing

Vault maps used:
D:1:      minmay_arrival_arboretum_small, serial_park_tiny_2, minivault_14,
          roderic_lattice_a, serial_park_tiny_2
D:2:      lemuel_blue_sif_altar, first_ration, nicolae_ru_sacrificial_ziggurat,
          uniq_natasha, uniq_jessica
D:3:      minmay_randomly_rotated_circles, uniq_robin, uniq_grinder
D:4:      elyvilon_altar_4, gammafunk_temple_overflow_wave, fedhas_altar_3,
          gammafunk_temple_overflow_statue
D:5:      nicolae_overflow_crystal_walls, minmay_temple_entry_poolview,
          serial_shops, nicolae_shop_overgrown_old_shop, uniq_duvessa
D:6:      lemuel_crystal_altar
D:7:      serial_shops, nicolae_shop_crystal, basic_altar
D:8:      lair_entry_dummy, serial_ice, serial_ice_d, serial_ice_i,
          serial_ice_e, serial_ice_m, serial_ice_o, serial_ice_f,
          david_nohive_1, uniq_psyche, uniq_prince_ribbit1
D:9:      hiddenorc2_lemuel, gammafunk_ghost_necromancy, kb_xom_exploding_sheep
D:10:     cheibrodos_histonic, nicolae_trove_entry_free_sample, st_stairs_8,
          minivault_22, roderic_malta_cross
D:11:     gammafunk_ghost_icy, nicolae_twisting_strands, uniq_nergalle
Temple:   nicolae_temple_figure_eight
Lair:1:   cheibrodos_lair_river_kwai, grunt_megastairs_5, uniq_erica
Lair:2:   lemuel_reptile_caves, spider_nest_entry_rubble
Lair:3:   special_room, grunt_megastairs_2, serial_bayou_shore_b, uniq_snorg
Lair:4:   swamp_mist_pool, serial_bayou_ford_a
Lair:5:   slime_dummy
Lair:6:   evilmike_catoblepas_cave, serial_bayou_pond_a,
          hangedman_lair_generics_rect
Swamp:1:  hangedman_swamp_pad, uniq_roxanne
Orc:1:    lightli_orcish_oven, uniq_urug
Orc:2:    st_orc_open, guppyfry_library_mini
Abyss:1:  minivault_23
Abyss:2:  evilmike_abyss_exit_12

Skill      XL: |  1  2  3  4  5  6  7  8  9 10 11 12 13 14 15 |
---------------+----------------------------------------------+-----
Axes           | 3 4 5 6 8 9 11 12 14 15 16 | 16.7
Fighting       | 3 4 5 6 7 8 9 10 11 | 11.0
Armour         | 4 5 6 7 9 10 11 12 | 12.7
Shields        | 4 5 6 7 8 9 10 11 12 | 12.6
Evocations     | 2 3 5 |  5.0
Invocations    | 4 7 9 11 | 11.1

Action                   |  1- 3 |  4- 6 |  7- 9 | 10-12 | 13-15 || total
-------------------------+-------+-------+-------+-------+-------++-------
Melee: War axe           |    79 |   190 |   432 |   879 |   719 ||  2299
       Morningstar       |       |       |       |    30 |   111 ||   141
       Headbutt          |       |       |       |       |    62 ||    62
Invok: Lesser Servant of |       |       |       |     4 |     3 ||     7
 Abil: Heal Wounds       |       |     1 |    10 |    19 |     5 ||    35
       Evoke Berserk Rag |       |     1 |     2 |    14 |    15 ||    32
  Use: Scroll            |     5 |    11 |     5 |    12 |     3 ||    36
       Potion            |       |       |     3 |     5 |     5 ||    13
 Stab: Distracted        |       |       |       |       |     1 ||     1
  Eat: Chunk             |       |     6 |    11 |    22 |    25 ||    64
       Ration            |       |       |     1 |     4 |     3 ||     8
Armor: Scale mail        |    43 |    42 |       |       |       ||    85
       Plate armour      |       |    47 |   260 |   599 |   489 ||  1395
Dodge: Dodged            |    14 |    41 |    81 |   217 |   210 ||   563
Block: Shield            |    56 |   100 |   274 |   645 |   527 ||  1602

Table legend:
 A = Non-vault XP
 B = Vault XP
 C = Vault XP percentage of total XP
 D = Non-vault monster count
 E = Vault monster count
 F = Vault count percentage of total count
                 A         B        C        D         E       F
            +---------+---------+-------+---------+---------+-------
      Total |   52967 |   52274 |  49.7 |     378 |     272 |  41.8
            +---------+---------+-------+---------+---------+-------
        D:1 |      45 |       0 |   0.0 |      27 |       0 |   0.0
        D:2 |     188 |      72 |  27.7 |      20 |       2 |   9.1
        D:3 |      30 |     349 |  92.1 |      11 |      18 |  62.1
        D:4 |     178 |       0 |   0.0 |      16 |       0 |   0.0
        D:5 |     402 |     219 |  35.3 |      14 |       2 |  12.5
        D:6 |     562 |       0 |   0.0 |      21 |       0 |   0.0
        D:7 |     732 |       0 |   0.0 |      25 |       0 |   0.0
        D:8 |    2304 |    4275 |  65.0 |      20 |      37 |  64.9
        D:9 |    2400 |    2399 |  50.0 |      22 |      38 |  63.3
       D:10 |    1474 |    3043 |  67.4 |      14 |      20 |  58.8
       D:11 |    6122 |    2653 |  30.2 |      30 |      11 |  26.8
     Lair:1 |    3002 |    3739 |  55.5 |      15 |      11 |  42.3
     Lair:2 |    3981 |    1771 |  30.8 |      18 |      29 |  61.7
     Lair:3 |    5554 |    3004 |  35.1 |      18 |      28 |  60.9
     Lair:4 |   11181 |       0 |   0.0 |      32 |       0 |   0.0
     Lair:5 |    4997 |       0 |   0.0 |      11 |       0 |   0.0
     Lair:6 |    6189 |   15758 |  71.8 |      20 |      31 |  60.8
      Orc:1 |     551 |    2884 |  84.0 |       9 |       6 |  40.0
      Orc:2 |    2861 |   12108 |  80.9 |      34 |      39 |  53.4
    Abyss:1 |     214 |       0 |   0.0 |       1 |       0 |   0.0
            +---------+---------+-------+---------+---------+-------
